Map: Deathaura LE

Players

Rogue - Winner!

  • Race: Zerg Zerg
  • Spawn Location: 5:00

Solar

  • Race: Zerg Zerg
  • League: Master
  • Spawn Location: 11:00

Event: TSL 6

VOD

Have the link to the VOD?

Description

Time

  • Played on: Dec. 12, 2020, 1:11 p.m.
  • Length: 13:12

All games in this series

Show
View Real Time Build Order
Export as new Build Order

Rogue Zerg - Winner!

Build Orders: Hatch First 

Get SALT Encoding   

  12  0:00  Drone  
  13  0:12  Overlord  
  13  0:16  Drone  
  14  0:31  Drone x2  
  16  0:46  Hatchery  
  15  0:50  Drone  
  15  0:53  Drone  
  17  0:57  Drone  
  18  1:08  Extractor  
  17  1:12  Spawning Pool  
  17  1:15  Drone  
  17  1:18  Drone  
  18  1:28  Drone  
  19  1:39  Drone  
  20  1:50  Drone  
  21  1:58  Queen x2  
  21  1:59  Overlord, Drone  
  26  2:10  Drone  
  26  2:11  Drone, Metabolic Boost  
  28  2:20  Drone  
  28  2:21  Drone  
  30  2:30  Zergling x2  
  30  2:32  Drone  
  30  2:36  Hatchery  
  31  2:42  Queen  
  33  2:45  Drone  
  33  2:50  Overlord  
  34  2:54  Drone x2  
  36  3:10  Zergling x2  
  36  3:11  Zergling x14  
  44  3:17  Evolution Chamber  
  44  3:18  Overlord  
  43  3:23  Drone  
  43  3:35  Overlord  
  43  3:43  Drone x6  
  43  3:46  Zerg Ground Armor Level 1  
  49  3:51  Roach Warren  
  49  3:53  Drone  
  49  3:54  Drone  
  50  4:03  Lair  
  50  4:08  Drone x3  
  50  4:09  Extractor x2  
  51  4:11  Overlord  
  51  4:13  Zergling x2  
  51  4:14  Zergling x4  
  54  4:23  Zergling x10  
  59  4:27  Overlord  
  59  4:33  Drone x4  
  59  4:35  Drone  
  64  4:38  Drone x2  
  64  4:41  Overlord  
  66  4:51  Overlord  
  66  4:53  Drone x2  
  66  4:54  Drone x2  
  70  5:01  Roach  
  70  5:02  Roach x3  
  78  5:07  Roach x2  
  78  5:09  Roach  
  78  5:13  Overseer  
  83  5:14  Glial Reconstitution  
  83  5:17  Roach x2  
  83  5:20  Overlord  
  87  5:22  Roach  
  87  5:25  Roach  
  87  5:26  Roach  
  91  5:29  Roach  
  91  5:32  Roach x2  
  97  5:37  Overlord x2  
  97  5:46  Roach x4  
  105  5:52  Zergling x2  
  105  5:53  Zergling x2  
  103  5:57  Zergling x14  
  103  5:58  Zergling x2  
  103  6:02  Zergling x4  
  103  6:03  Zergling x2  
  110  6:06  Ravager x3  
  110  6:10  Zergling x2  
  110  6:11  Zergling x4  
  116  6:15  Zergling x6  
  119  6:19  Zergling x4  
  119  6:24  Overlord  
  121  6:39  Roach  
  120  6:42  Roach x3, Zerg Missile Weapons Level 1  
  120  6:44  Roach x2  
  114  6:51  Roach x5  
  106  6:55  Roach  
  106  6:59  Extractor, Roach  
  97  7:01  Drone  
  97  7:02  Drone x5  
  97  7:05  Drone  
  96  7:14  Roach x2  
  98  7:16  Roach  
  98  7:19  Extractor  
  98  7:22  Roach  
  101  7:24  Roach  
  101  7:29  Roach x5  
  113  7:30  Zergling x10  
  113  7:36  Roach  
  118  7:39  Roach x2  
  118  7:47  Roach  
  118  7:50  Roach x2  
  119  7:57  Ravager x2  
  120  8:00  Zergling x18  
  120  8:04  Overlord x2  
  120  8:05  Overlord  
  129  8:09  Extractor  
  128  8:14  Spire  
  127  8:20  Drone x3  
  127  8:23  Hatchery  
  129  8:28  Drone x6  
  129  8:29  Drone  
  136  8:40  Overlord  
  135  8:45  Drone  
  135  8:47  Drone  
  137  8:50  Overlord x2  
  137  8:56  Overlord  
  137  9:16  Extractor  
  136  9:20  Extractor  
  136  9:21  Drone x4  
  139  9:27  Mutalisk  
  139  9:28  Mutalisk x11  
  163  9:32  Overlord  
  163  9:37  Zerg Flyer Armor Level 1  
  162  9:43  Mutalisk  
  162  9:45  Drone x5  
  168  9:46  Queen  
  168  9:48  Overlord  
  168  9:51  Overlord  
  170  9:56  Mutalisk x2  
  170  9:57  Mutalisk  
  170  9:59  Overlord  
  176  10:00  Overlord  
  176  10:12  Spore Crawler  
  175  10:14  Overlord  
  170  10:22  Mutalisk x2  
  170  10:23  Mutalisk x3  
  164  10:31  Mutalisk x2  
  164  10:34  Drone x2  
  162  10:40  Mutalisk x2  
  163  10:43  Zergling x22  
  163  10:47  Spore Crawler  
  173  10:51  Mutalisk x2  
  173  10:52  Mutalisk  
  173  10:56  Mutalisk  
  179  11:03  Mutalisk  
  183  11:04  Overlord x2  
  183  11:13  Overlord  
  178  11:21  Mutalisk x2  
  164  11:26  Mutalisk x2  
  164  11:28  Zergling x2, Drone x2  
  164  11:29  Zergling x2  
  165  11:33  Mutalisk  
  165  11:34  Mutalisk  
  165  11:35  Zergling x12  
  146  11:40  Mutalisk  
  146  11:42  Mutalisk  
  146  11:47  Mutalisk  
  146  11:49  Zergling x8  
  146  11:50  Zergling x6  
  146  11:53  Spore Crawler  
  146  11:58  Mutalisk x2  
  146  12:08  Mutalisk x2  
  141  12:14  Mutalisk  
  141  12:15  Zergling x10  
  138  12:18  Mutalisk  
  138  12:21  Queen  
  138  12:22  Queen  
  125  12:31  Mutalisk  
  125  12:34  Mutalisk x2  
  124  12:39  Drone  
  124  12:40  Drone x3  
  126  12:47  Mutalisk  
Show
View Real Time Build Order
Export as new Build Order

Solar Zerg 

Build Orders: Hatch First 

Get SALT Encoding   

  12  0:00  Drone  
  13  0:12  Overlord  
  13  0:17  Drone  
  14  0:30  Drone x2  
  16  0:46  Hatchery  
  15  0:51  Drone  
  15  0:54  Drone  
  17  0:57  Drone  
  18  1:08  Extractor  
  17  1:12  Spawning Pool  
  17  1:15  Drone  
  17  1:18  Drone  
  18  1:29  Drone  
  19  1:38  Drone  
  20  1:50  Drone  
  21  1:59  Queen x2  
  21  2:00  Zergling x2, Overlord  
  26  2:09  Drone  
  26  2:10  Drone  
  28  2:21  Drone x2  
  30  2:30  Overlord  
  30  2:31  Drone  
  30  2:35  Queen  
  33  2:41  Lair  
  33  2:42  Drone x2  
  35  2:46  Evolution Chamber  
  34  2:52  Drone  
  34  2:55  Drone  
  36  3:02  Roach Warren  
  36  3:05  Drone x2  
  37  3:07  Drone x4  
  40  3:14  Zerg Missile Weapons Level 1  
  40  3:16  Drone  
  40  3:19  Overlord  
  41  3:20  Drone  
  41  3:22  Drone  
  41  3:25  Extractor  
  41  3:26  Drone  
  43  3:27  Extractor, Drone  
  43  3:41  Drone x4  
  45  3:44  Overlord, Overseer  
  45  3:47  Glial Reconstitution  
  47  3:50  Overlord  
  47  3:55  Roach x2  
  51  3:59  Evolution Chamber  
  51  4:01  Roach  
  52  4:03  Roach  
  52  4:09  Roach  
  56  4:14  Drone  
  56  4:15  Overlord  
  58  4:18  Overlord  
  58  4:19  Roach x2  
  62  4:27  Drone  
  63  4:32  Overlord  
  63  4:33  Hatchery  
  63  4:35  Roach x2  
  63  4:37  Drone  
  67  4:39  Overlord  
  67  4:48  Roach x3  
  67  4:50  Roach  
  75  4:54  Overlord  
  75  4:55  Roach  
  75  4:59  Roach  
  79  5:07  Roach x4  
  79  5:11  Zerg Missile Weapons Level 2  
  87  5:15  Drone x2  
  87  5:17  Drone  
  87  5:20  Overlord  
  90  5:21  Drone  
  90  5:27  Drone  
  92  5:30  Drone  
  92  5:31  Extractor, Drone x2  
  92  5:32  Overlord  
  94  5:45  Overlord, Drone  
  94  5:46  Drone x3  
  98  5:52  Roach  
  100  5:57  Roach x2  
  100  6:00  Roach x2  
  100  6:01  Roach  
  94  6:05  Roach  
  94  6:10  Roach x4  
  102  6:13  Spine Crawler, Roach  
  102  6:16  Roach  
  102  6:17  Roach x2  
  109  6:19  Roach x2  
  109  6:21  Roach  
  117  6:25  Roach  
  117  6:30  Roach x2  
  121  6:34  Roach  
  121  6:35  Overlord  
  121  6:38  Roach x2  
  123  6:43  Roach  
  123  6:44  Roach x3  
  123  6:46  Roach  
  119  6:47  Roach  
  119  6:48  Roach  
  119  6:50  Roach  
  119  6:52  Roach  
  107  6:54  Roach  
  107  6:59  Roach x2  
  101  7:02  Queen  
  101  7:05  Roach  
  101  7:06  Roach  
  101  7:07  Roach  
  107  7:10  Roach  
  107  7:12  Extractor  
  107  7:13  Drone x3  
  112  7:15  Drone  
  112  7:18  Queen  
  112  7:21  Drone  
  115  7:23  Drone x2  
  115  7:25  Drone  
  115  7:28  Queen  
  118  7:38  Drone x2  
  118  7:41  Roach x2  
  114  7:45  Spire  
  114  7:46  Extractor, Roach x3  
  114  7:48  Roach  
  114  7:49  Roach  
  114  7:50  Drone  
  117  7:52  Roach  
  115  8:02  Drone  
  115  8:04  Roach x2  
  120  8:09  Roach  
  120  8:11  Overlord  
  122  8:15  Overlord  
  122  8:17  Drone  
  122  8:19  Drone  
  124  8:20  Roach  
  124  8:21  Roach  
  124  8:23  Overlord  
  124  8:26  Roach x2  
  124  8:27  Roach  
  134  8:29  Roach  
  134  8:31  Ravager x2  
  138  8:35  Roach x3  
  138  8:38  Roach x3  
  150  8:45  Overlord  
  150  8:55  Overlord  
  150  8:56  Hatchery  
  150  8:58  Mutalisk x6  
  150  9:02  Mutalisk  
  163  9:03  Mutalisk  
  163  9:07  Mutalisk  
  163  9:08  Overlord  
  167  9:15  Roach x3  
  173  9:20  Roach x2  
  173  9:21  Roach x2  
  181  9:27  Roach x2  
  185  9:32  Roach x4  
  185  9:36  Overlord  
  193  9:39  Overlord  
  193  9:42  Overlord  
  193  9:44  Overlord  
  193  9:49  Overlord  
  193  9:56  Ravager  
  194  10:03  Roach x3  
  200  10:18  Corruptor  
  200  10:22  Corruptor x3  
  200  10:26  Corruptor x4  
  192  10:30  Queen  
  190  10:36  Spore Crawler  
  190  10:37  Spore Crawler x2  
  190  10:40  Corruptor x2  
  189  10:45  Corruptor  
  177  10:51  Overlord x2  
  177  10:53  Extractor  
  177  10:54  Corruptor  
  178  11:03  Corruptor  
  180  11:06  Overlord  
  180  11:07  Corruptor  
  180  11:09  Drone  
  183  11:12  Queen  
  183  11:14  Corruptor  
  183  11:19  Zergling x2  
  183  11:20  Zergling x4  
  183  11:24  Corruptor  
  171  11:31  Corruptor  
  165  11:35  Corruptor  
  165  11:37  Corruptor  
  157  11:45  Corruptor  
  153  11:51  Corruptor  
  153  11:52  Corruptor  
  152  12:00  Corruptor  
  151  12:08  Corruptor  
  151  12:12  Corruptor  
  151  12:15  Corruptor  
  136  12:23  Corruptor  
  136  12:26  Corruptor  
  134  12:35  Roach Warren  
  134  12:36  Zergling x4  
  134  12:37  Zergling x2  
Tags
 
Event
TSL 6
League
Master
Matchup
ZvZ
Race
Zerg
Spawn Locations
Cross Positions
Add a new tag
Caveats
  • Supply blocks, unpowered buildings, or Contaminate may cause inaccurate times.
  • Supply counts are checked every 10 seconds.